 Dungeon Crawl Stone Soup version 0.28-a0-1206-g193881aaa2 (webtiles) character file.

Game seed: 11134955831641481103

18 ytrimaz the Ducker (level 2, 22/22 HPs)
             Began as a Demonspawn Gladiator on Dec 20, 2021.
             Quit the game on level 1 of the Dungeon.
             The game lasted 00:00:58 (758 turns).

ytrimaz the Ducker (Demonspawn Gladiator)            Turns: 758, Time: 00:00:59

Health: 22/22      AC:  3    Str: 14    XL:     2   Next: 51%
Magic:  2/2        EV: 12    Int:  9    God:
Gold:   36         SH:  0    Dex: 14    Spells: 1/1 levels left

rFire   . . .      SeeInvis .   a - +0 rapier
rCold   . . .      Faith    .   (no shield)
rNeg    . . .      Spirit   .   b - +0 leather armour
rPois   .          Reflect  .   (helmet restricted)
rElec   .          Harm     .   (no cloak)
rCorr   .          Rampage  .   (no gloves)
Will    .....                   (no boots)
Stlth   +.........              (no amulet)
HPRegen 0.07/turn               (no ring)
MPRegen 0.08/turn               (no ring)

@: brilliant
A: horns 1
a: no special abilities


You were on level 1 of the Dungeon.
You visited 1 branch of the dungeon, and saw 1 of its levels.

You collected 36 gold pieces.

Inventory:

Hand Weapons
 a - a +0 rapier (weapon)
Missiles
 d - 2 throwing nets (quivered)
Armour
 b - a +0 leather armour (worn)
 c - a +0 helmet
Scrolls
 i - a scroll of immolation
Potions
 f - a potion of heal wounds


   Skills:
 * Level 2.1 Fighting
 + Level 3.0 Short Blades
 - Level 1.7 Throwing
 * Level 0.5 Armour
 * Level 3.1 Dodging


You had one spell level left.
You didn't know any spells.
Your spell library was empty.

Dungeon Overview and Level Annotations

Branches:
Dungeon (1/15)

Altars:


Innate Abilities, Weirdness & Mutations

You have a pair of small horns on your head.


Message History

You barely miss the giant cockroach. You headbutt the giant cockroach.
You kill the giant cockroach!
A frilled lizard comes into view.
The frilled lizard hisses angrily.
A frilled lizard is nearby!
A frilled lizard is nearby!
You throw a throwing net.
The throwing net barely misses the frilled lizard.
The frilled lizard bites you but does no damage.
The frilled lizard barely misses you. The frilled lizard misses you.
You hit the frilled lizard.
You kill the frilled lizard!
d - 2 throwing nets (gained 1) Key pressed, stopping explore.
A hobgoblin comes into view.
A hobgoblin is nearby!
A hobgoblin is nearby!
The hobgoblin shouts!
You hit the hobgoblin.
You kill the hobgoblin!
Your Short Blades skill increases to level 3!
You see here a hobgoblin corpse.
No target in view!
No target in view!
As you read the scroll labelled SACOBU CEGE, it crumbles to dust.
You assume a fearsome visage.
Nothing appears to happen.
It was a scroll of fear.
Unknown command.
As you read the scroll labelled DALE REKOSIAN, it crumbles to dust.
It is a scroll of identify.
i - a scroll of immolation Unknown command.
Okay, then.
It was a potion of heal wounds.
You feel much better.
Unknown command.
It was a potion of brilliance.
You feel clever all of a sudden.
Unknown command.
Are you sure you want to abandon this character and quit the game? (Confirm with "yes".)

##########
#.....@..# #
#.######.# .
#†# #######
# #.#
#.....# .
#.# #.###.#
####... #.#
#.# #.#
.......
#.....# #.#
####.# #.#
.#####
......###.#
#.##.###.#
..#####
##.........#
#........#


There were no monsters in sight!

Vanquished Creatures
  An endoplasm (D:1)
  A giant cockroach (D:1)
  A goblin (D:1)
  A hobgoblin (D:1)
  3 jackals (D:1)
  3 bats (D:1)
  3 frilled lizards (D:1)
  3 kobolds (D:1)
  2 rats (D:1)
18 creatures vanquished.

Notes
Turn   | Place    | Note
-------+----------+-------------------------------------------
     0 | D:1      | ytrimaz the Demonspawn Gladiator began the quest for the
                  | Orb.
     0 | D:1      | Reached XP level 1. HP: 16/16 MP: 1/1
   218 | D:1      | Gained mutation: You have a pair of small horns on your
                  | head. [demonic ancestry]
   218 | D:1      | Reached XP level 2. HP: 8/22 MP: 2/2
   758 | D:1      | Quit the game

Illustrated notes

Levels and vault maps discovered:
D:1:      wheals_arrival_linesprint, layout_basic,
          dilly_ecumenical_altar_fadedgnrine, serial_shops,
          nicolae_shop_window_shopping

Skill      XL: |  1  2 |
---------------+-------+-----
Dodging        | 3 |  3.1
Short Blades   | 3 |  3.0
Fighting       | |  2.1
Throwing       | |  1.7
Armour         | |  0.5

Action                   || total
-------------------------++-------
Melee: Rapier            ||    50
       Headbutt          ||     3
Throw: Throwing net      ||     2
  Use: Scroll            ||     2
       Potion            ||     2
 Stab: Sleeping          ||     1
Armor: Leather armour    ||    26
Dodge: Dodged            ||    40

Table legend: (Time is in decaauts)
 A = Elapsed time spent in this place.
 B = Non-inter-level travel time spent in this place.
 C = Inter-level travel time spent in this place.
 D = Time resting spent in this place.
 E = Time spent auto-exploring this place.
 F = Levels seen in this place.
 G = Mean time per level.
                   A        B        C        D        E       F      G
               +--------+--------+--------+--------+--------+-----+--------+
         Total |    760 |    760 |      0 |    293 |    316 |   1 |  760.0 |
       Dungeon |    760 |    760 |      0 |    293 |    316 |   1 |  760.0 |
               +--------+--------+--------+--------+--------+-----+--------+

Top non-repeatable levels by time:
     D:1: 760 daAuts
